AoeStats
← |GaoeG| flamingo

Oasis

509755170Analyzed
4v4 RM · 3d ago on Sep 27, 2026· 44m 5s· 8 players
Game mode
Random Map
Map size
Large (8 player)
Population
200
Speed
Normal
Resources
Standard
Victory
Conquest
Starting age
Dark Age
Ending age
Imperial Age
RankedLock teamsTeams togetherTeam positionsShared explorationLock speedFull tech treeHidden civsTurbo modeCheats
Victory
Defeat
🇪🇸 Magyars · Spain
1347
+12
🇪🇸 Saracens · Spain
1246
+16
🇪🇸 Khmer · Spain
1171
+19
🇪🇸 Magyars · Spain
1135
+19
🇩🇪 Danes · Germany
1265
-18
1252
-17
🇨🇳 Japanese · China
1231
-16
🇬🇧 Danes · United Kingdom
1196
-15
wuming
5:56 Loom
9:22 Feudal Age
10:43 Wheelbarrow
9:54 Double-Bit Axe
23:35 Castle Age
25:09 Bow Saw
24:50 Gold Mining
24:51 Stone Mining
25:20 Hand Cart
25:30 Fletching
25:41 Padded Archer Armor
26:46 Bodkin Arrow
30:12 Horse Collar
31:09 Gold Shaft Mining
34:02 Town Watch
37:38 Thumb Ring
37:51 Leather Archer Armor
40:20 Imperial Age
38:11 Ballistics
39:36 Bloodlines
39:26 Husbandry
40:22 Onager
42:00 Conscription
41:57 Siege Engineers
42:53 Chemistry
42:24 Bracer
43:09 Heavy Cavalry Archer
44:14 Parthian Tactics
43:51 Treadmill Crane
joshjng2009
5:38 Loom
13:05 Feudal Age
17:49 Castle Age
20:36 Double-Bit Axe
23:07 Scale Barding Armor
24:14 Forging
24:08 Horse Collar
27:00 Bloodlines
28:22 Wheelbarrow
27:33 Town Watch
33:38 Hand Cart
33:45 Husbandry
35:59 Coinage
38:13 Heavy Plow
38:24 Bow Saw
39:29 Gold Mining
40:31 Chain Barding Armor
[FUCKI] Obi-One Canboneme
11:43 Feudal Age
15:59 Castle Age
14:17 Double-Bit Axe
14:53 Stone Mining
15:23 Horse Collar
15:53 Gold Mining
17:57 Bow Saw
18:08 Loom
19:16 Wheelbarrow
23:29 Fletching
27:42 Hand Cart
27:42 Bloodlines
27:32 Husbandry
28:20 Forging
30:58 Scale Barding Armor
31:53 Iron Casting
32:29 Chain Barding Armor
35:11 Gold Shaft Mining
38:49 Imperial Age
38:07 Bodkin Arrow
38:54 Elite Steppe Lancer
40:52 Blast Furnace
39:16 Elite Mangudai
40:51 Conscription
40:55 Ballistics
41:36 Chemistry
40:13 Light Cavalry
41:12 Bracer
41:34 Padded Archer Armor
41:16 Hussar
44:17 Leather Archer Armor
Creed
8:07 Loom
11:37 Feudal Age
18:12 Forging
17:54 Fletching
23:04 Castle Age
25:12 Stone Mining
29:42 Bodkin Arrow
SuterOne
7:57 Loom
10:54 Feudal Age
11:30 Double-Bit Axe
13:45 Horse Collar
17:37 Castle Age
21:36 Wheelbarrow
24:02 Bow Saw
30:47 Imperial Age
31:44 Gold Mining
33:39 Chemistry
35:16 Heavy Plow
35:24 Town Watch
37:27 Double Crossbow
38:54 Hand Cart
39:23 Conscription
40:00 Heavy Scorpion
41:09 Ballistics
41:28 Arson
41:57 Town Patrol
43:11 Bloodlines
42:22 Light Cavalry
43:05 Husbandry
43:35 Hussar
ErafaE
5:18 Loom
11:46 Feudal Age
12:52 Double-Bit Axe
20:13 Horse Collar
23:07 Castle Age
24:54 Bow Saw
26:43 Heavy Plow
32:40 Wheelbarrow
34:17 Hand Cart
35:45 Scale Mail Armor
35:38 Gold Mining
36:10 Pikeman
38:25 Chain Mail Armor
38:46 Town Watch
42:08 Imperial Age
42:22 Scale Barding Armor
43:50 Two-Man Saw
43:28 Gold Shaft Mining
43:24 Crop Rotation
42:17 Halberdier
44:28 Chain Barding Armor
44:12 Husbandry
44:23 Bloodlines
44:33 Town Patrol
|GaoeG| flamingo
6:15 Loom
9:12 Feudal Age
12:02 Fletching
19:46 Wheelbarrow
22:29 Castle Age
20:41 Padded Archer Armor
21:52 Stone Mining
21:53 Gold Mining
21:46 Horse Collar
22:53 Crossbowman
23:33 Bodkin Arrow
23:42 Double-Bit Axe
25:22 Bow Saw
29:59 Ballistics
31:13 Hand Cart
32:44 Town Watch
36:05 Imperial Age
37:27 Gold Shaft Mining
37:33 Arbalester
38:16 Bracer
40:23 Chemistry
40:21 Leather Archer Armor
42:58 Thumb Ring
JITANOmaleant7
6:36 Loom
8:42 Feudal Age
9:33 Double-Bit Axe
16:56 Horse Collar
19:05 Bloodlines
20:58 Castle Age
20:48 Gold Mining
21:35 Wheelbarrow
21:47 Scale Barding Armor
21:14 Light Cavalry
24:30 Husbandry
26:39 Bow Saw
29:37 Chain Barding Armor
32:14 Heavy Plow
32:53 Gold Shaft Mining
37:08 Stone Mining
43:57 Imperial Age
41:43 Hand Cart
Connection lost

Rejoining the realm…

Still unreachable

The connection could not be restored.

Session expired

The server has moved on; the page needs a fresh start.